[Event "Team 45 45 League T48"]
[Site "Internet Chess Club"]
[Date "2011.03.10"]
[Round "5"]
[White "viking99"]
[Black "koni"]
[Result "1/2-1/2"]
[WhiteElo "1851"]
[BlackElo "1919"]
[Opening "Sicilian: Canal-Sokolsky attack, Bronstein gambit"]
[ECO "B52"]
[Time "14:05:58"]
[TimeControl "2700+45"]

1. e4 c5 2. Nf3 d6 3. Bb5+ Bd7 4. Bxd7+ Qxd7 5. O-O Nc6 6. c3 Nf6 7. d4 Nxe4 8.
Re1 f5 9. Be3 O-O-O 10. b4 cxd4 11. Nxd4 Kb8 12. Qa4 Nxd4 13. Qxd7 Ne2+ 14. Rxe2
Rxd7 15. f3 Nf6 16. c4 e5 17. Nc3 Rc7 18. Nb5 Rxc4 19. Bxa7+ Ka8 20. a3 Be7 21.
Rd1 Rc6 22. Red2 d5 23. Bf2 h6 24. Re2 e4 25. Bg3 Rhc8 26. Nd4 Rc1 27. Ree1 Rxd1
28. Rxd1 g6 29. Nb5 Bd8 30. Be5 e3 31. Kf1 Rc2 32. Re1 e2+ {Game drawn by mutual
agreement} 1/2-1/2

[Event "Team 45 45 League T48"]
[Site "Internet Chess Club"]
[Date "2011.03.12"]
[Round "5"]
[White "Plattner"]
[Black "Rookmaster"]
[Result "1-0"]
[WhiteElo "1819"]
[BlackElo "1673"]
[Opening "Sicilian: Najdorf"]
[ECO "B90"]
[Time "03:00:37"]
[TimeControl "2700+45"]

1. e4 c5 2. Nf3 d6 3. d4 cxd4 4. Nxd4 Nf6 5. Nc3 a6 6. f3 Nc6 7. Be3 g6 8. Qd2
Bg7 9. O-O-O O-O 10. g4 Qa5 11. h4 Ne5 12. h5 b5 13. Kb1 Nfxg4 14. fxg4 Bxg4 15.
Be2 Nc4 16. Bxc4 Bxd1 17. Bd5 Bxc2+ 18. Qxc2 Rac8 19. hxg6 e6 20. gxf7+ Kh8 21.
e5 h6 22. Bxe6 Rxc3 23. bxc3 dxe5 24. Nf5 b4 25. Nxh6 {Black forfeits on time}
1-0

[Event "Team 45 45 League T48"]
[Site "Internet Chess Club"]
[Date "2011.03.13"]
[Round "5"]
[White "DaveTheRook"]
[Black "Nakke"]
[Result "0-1"]
[WhiteElo "1735"]
[BlackElo "1649"]
[Opening "Semi-Benoni (`blockade variation')"]
[ECO "A44"]
[Time "16:30:47"]
[TimeControl "2700+45"]

1. d4 c5 2. d5 e5 3. e4 d6 4. Nc3 Be7 5. Nf3 Bg4 6. Bb5+ Nd7 7. h3 Bxf3 8. Qxf3
a6 9. Bxd7+ Qxd7 10. Qg3 Nf6 11. Bd2 b5 12. O-O b4 13. Ne2 Nxe4 14. Qxg7 O-O-O
15. Qh6 Rdg8 16. Qe3 Nxd2 17. Qxd2 Qxh3 18. Ng3 Qd7 19. a3 b3 20. cxb3 h5 21.
Qd3 Kb7 22. Qf5 Qxf5 23. Nxf5 Bf8 24. Rfe1 Rg5 25. Nh4 Rhg8 26. Kh2 Be7 27. Re4
f5 28. Rc4 f4 29. Rg1 Rf8 30. Nf3 Rg4 31. Kh3 Rfg8 32. b4 cxb4 33. Rxb4+ Ka7 34.
Rc4 Bd8 35. Rc6 R8g6 36. b4 e4 37. Nh2 Rh4# {White checkmated} 0-1

[Event "Team 45 45 League T48"]
[Site "Internet Chess Club"]
[Date "2011.03.09"]
[Round "5"]
[White "ScotchYeti"]
[Black "badmove"]
[Result "1/2-1/2"]
[WhiteElo "1613"]
[BlackElo "1739"]
[Opening "Ruy Lopez: Wormald (Alapin) attack"]
[ECO "C77"]
[Time "15:01:21"]
[TimeControl "2700+45"]

1. e4 e5 2. Nf3 Nc6 3. Bb5 a6 4. Ba4 Nf6 5. Qe2 Bd6 6. c3 O-O 7. O-O Re8 8. d3
h6 9. Rd1 Bf8 10. Nbd2 d5 11. h3 b5 12. Bc2 Be6 13. d4 exd4 14. Nxd4 Nxd4 15.
cxd4 dxe4 16. Nxe4 Nxe4 17. Qxe4 g6 18. Qd3 Bf5 19. Qb3 Bxc2 20. Qxc2 Rc8 21.
Be3 Qd5 22. Qd2 Kh7 23. b4 c6 24. a3 Re6 25. Qd3 Qe4 26. Qxe4 Rxe4 27. Ra2 Rd8
28. Rad2 Rd5 29. Rd3 f5 30. f3 Re6 31. Kf2 Kg7 32. Re1 Kf7 33. Red1 Kg7 34. Kf1
f4 35. Bf2 g5 36. Re1 Kf6 37. Rd2 Rdd6 38. Rde2 Rxe2 39. Rxe2 Re6 40. Ke1 Rxe2+
41. Kxe2 Ke6 42. Kd3 Kd5 43. Bg1 Bd6 44. Bf2 Bc7 45. Be1 Bb6 46. Bf2 a5 47. Bg1
axb4 48. axb4 Bd8 49. Kc3 Bf6 50. Kd3 Be7 51. Kc3 Bf6 52. Kd3 h5 53. Bf2 {Game
drawn by mutual agreement} 1/2-1/2

[Event "Team 45 45 League T48"]
[Site "Internet Chess Club"]
[Date "2011.03.13"]
[Round "5"]
[White "Wheels"]
[Black "SlimeDog2"]
[Result "0-1"]
[WhiteElo "1857"]
[BlackElo "2050"]
[Opening "Sicilian: closed"]
[ECO "B23"]
[Time "22:01:18"]
[TimeControl "2700+45"]

1. e4 c5 2. Nc3 d6 3. f4 Nc6 4. Nf3 g6 5. Bc4 Bg7 6. O-O e6 7. d3 Nf6 8. e5 Nd7
9. exd6 O-O 10. Qe1 Nf6 11. Be3 Qxd6 12. h3 b6 13. Qh4 Bb7 14. Ng5 h6 15. Nge4
Qe7 16. Qg3 Nxe4 17. Nxe4 Nd4 18. Qf2 Nf5 19. c3 Nxe3 20. Qxe3 Rad8 21. Rad1 Qc7
22. Qg3 Qc6 23. h4 b5 24. Bb3 c4 25. Bc2 cxd3 26. Rxd3 Qxe4 27. Rxd8 Qxc2 28.
Rxf8+ Bxf8 29. h5 Bc5+ 30. Kh2 Qe2 {White resigns} 0-1

[Event "Team 45 45 League T48"]
[Site "Internet Chess Club"]
[Date "2011.03.14"]
[Round "5"]
[White "RosewoodTele"]
[Black "giltar"]
[Result "1-0"]
[WhiteElo "1840"]
[BlackElo "1848"]
[Opening "King's Indian: Petrosian system"]
[ECO "E92"]
[Time "05:01:53"]
[TimeControl "2700+45"]

1. d4 Nf6 2. c4 g6 3. Nc3 Bg7 4. e4 d6 5. Nf3 O-O 6. Be2 e5 7. d5 Na6 8. Nd2 h5
9. a3 c5 10. Nf3 Nh7 11. h4 f5 12. Ng5 Nxg5 13. Bxg5 Qb6 14. Qd2 fxe4 15. Nxe4
Bf5 16. Bd3 Nc7 17. O-O Rae8 18. b4 cxb4 19. Be3 Qa6 20. axb4 Bxe4 21. Rxa6 Bxd3
22. Qxd3 e4 23. Qb3 Nxa6 24. Rc1 b6 25. Qa4 Nb8 26. Qxa7 Be5 27. Qxb6 Nd7 28.
Qb5 Nf6 29. c5 Ng4 30. c6 Bh2+ 31. Kh1 Bg3 32. c7 Bxf2 33. Bxf2 Nxf2+ 34. Kg1
Nd3 35. Rc2 Ne5 36. Qe2 Nd7 37. Qe3 Nf6 38. Qd4 e3 39. Re2 Ng4 40. b5 Rf7 41. b6
Ref8 42. g3 Rf1+ 43. Kg2 R1f2+ 44. Rxf2 exf2 45. Qxf2 Rxf2+ 46. Kg1 {Black
resigns} 1-0

[Event "Team 45 45 League T48"]
[Site "Internet Chess Club"]
[Date "2011.03.13"]
[Round "5"]
[White "Philly-Boy"]
[Black "musk6868"]
[Result "0-1"]
[WhiteElo "1846"]
[BlackElo "1921"]
[Opening "Dutch: Staunton gambit, Staunton's line"]
[ECO "A83"]
[Time "20:37:14"]
[TimeControl "2700+45"]

1. d4 f5 2. e4 fxe4 3. Nc3 Nf6 4. Bg5 Nc6 5. d5 Ne5 6. Qd4 Nf7 7. Bxf6 exf6 8.
Nxe4 Be7 9. Bc4 d6 10. f4 O-O 11. h3 f5 12. Nc3 Bh4+ 13. Kd2 Bd7 14. Nf3 Bf6 15.
Qd3 a6 16. Nd4 Bxd4 17. Qxd4 b5 18. Bd3 Qh4 19. g3 Qh6 20. g4 Ne5 21. g5 Nf3+
22. Ke3 Qh5 23. Qb4 a5 24. Qb3 Rfe8+ 25. Ne4 fxe4 26. Bxb5 Bxb5 27. Qxb5 Nh4 28.
Raf1 Nf5+ 29. Kd2 Ng3 30. f5 Qxg5+ 31. Kc3 Qe3+ 32. Kc4 Qe2+ 33. Kc3 Qxb5 {White
resigns} 0-1

[Event "Team 45 45 League T48"]
[Site "Internet Chess Club"]
[Date "2011.03.13"]
[Round "5"]
[White "tryanything"]
[Black "Monsieur"]
[Result "1-0"]
[WhiteElo "1570"]
[BlackElo "1545"]
[Opening "QGA: 3.e4"]
[ECO "D20"]
[Time "18:57:46"]
[TimeControl "2700+45"]

1. d4 d5 2. c4 dxc4 3. e4 b5 4. Nc3 c5 5. Nxb5 a6 6. Nc3 cxd4 7. Nd5 e6 8. Nf4
e5 9. Nd5 Nf6 10. Nxf6+ Qxf6 11. Bxc4 Bb4+ 12. Bd2 Bxd2+ 13. Qxd2 O-O 14. Ne2
Bb7 15. Ng3 g6 16. O-O Qf4 17. Qe2 h5 18. Bd5 Bxd5 19. exd5 Nd7 20. Ne4 f5 21.
Nd2 Rfc8 22. g3 Qh6 23. Nf3 Re8 24. Qc4 Nb6 25. Qc6 Rab8 26. Rfe1 Qg7 27. Nxd4
Qb7 28. Qxg6+ Qg7 29. Qxh5 Nxd5 30. Nxf5 Nf6 31. Qxe8+ Rxe8 32. Nxg7 Kxg7 33.
Rac1 Re6 34. Rc7+ Kg6 35. Rec1 Ne4 36. R7c6 Kf5 37. Rxe6 Kxe6 38. Rc6+ Kd5 39.
Rxa6 Nd2 40. h4 Ke4 41. h5 Nf3+ 42. Kh1 Ne1 43. h6 Kf3 44. Rf6+ Ke2 45. h7 Kf1
46. h8=Q e4 47. Qh3+ Ke2 48. Qe6 Kf1 49. Qxe4 Nf3 50. Qxf3 Ke1 {Black resigns}
1-0

[Event "Team 45 45 League T48"]
[Site "Internet Chess Club"]
[Date "2011.03.13"]
[Round "5"]
[White "guyd52"]
[Black "jjaillet2007"]
[Result "1-0"]
[WhiteElo "1256"]
[BlackElo "1292"]
[Opening "Réti opening"]
[ECO "A04"]
[Time "09:00:12"]
[TimeControl "2700+45"]

1. Nf3 e6 2. g3 d5 3. Bg2 c5 4. d3 Nc6 5. O-O Nf6 6. Nbd2 Bd6 7. c3 O-O 8. Re1
Re8 9. e4 dxe4 10. Nxe4 Nxe4 11. Rxe4 e5 12. d4 Bf5 13. Re1 e4 14. Ng5 cxd4 15.
Nxe4 Bxe4 16. Rxe4 dxc3 17. Rxe8+ Qxe8 18. Qxd6 Rd8 19. Qc5 Rd1+ 20. Bf1 Qe1 21.
Qc4 Rxc1 22. Rxc1 Qxc1 23. Qe2 Kf8 24. bxc3 Qxc3 25. Qb5 Qb4 26. Qf5 g6 27. Qc8+
Kg7 28. Bg2 Qe1+ 29. Bf1 Qe7 30. Bg2 Qe1+ 31. Bf1 Nb4 32. Qxb7 a5 33. Qb5 Qa1
34. Qxa5 Nxa2 35. Kg2 Qb2 36. Bc4 Nc3 37. Qc7 Nd1 38. Qxf7+ Kh6 39. Qf8+ Qg7 40.
Qf4+ g5 41. Qd6+ Qg6 42. Qf8+ Qg7 43. Qf3 Nb2 44. Bf7 g4 45. Qf4+ Qg5 46. Qd6+
Kg7 47. Be6 h5 48. Qd7+ Kh6 49. h4 gxh3+ 50. Bxh3 Nc4 51. Qe6+ Qg6 52. Qxc4 h4
53. Qxh4+ Qh5 54. Qxh5+ Kxh5 55. f4 Kg6 56. Kf3 Kf6 57. Bc8 Ke7 58. Ke4 Kd8 59.
Ba6 Ke7 60. Ke5 Kf7 61. Bc4+ Kg7 62. f5 Kf8 63. g4 Kg7 64. f6+ Kf8 65. Ke6 Ke8
66. f7+ Kf8 67. Bd3 Kg7 68. Ke7 Kh6 69. f8=Q+ Kg5 70. Qf5+ Kh4 71. g5 Kh5 72.
Be2+ Kh4 73. Qg4# {Black checkmated} 1-0

[Event "Team 45 45 League T48"]
[Site "Internet Chess Club"]
[Date "2011.03.13"]
[Round "5"]
[White "Sandia"]
[Black "wekabird"]
[Result "1-0"]
[WhiteElo "1304"]
[BlackElo "1224"]
[Opening "Caro-Kann defense"]
[ECO "B10"]
[Time "17:00:17"]
[TimeControl "2700+45"]

1. e4 c6 2. Nf3 d5 3. exd5 cxd5 4. d4 e6 5. Bd3 Nf6 6. Nc3 a6 7. Ne5 Be7 8. Qf3
O-O 9. Ne2 Nc6 10. Bf4 Nb4 11. c3 Nxd3+ 12. Qxd3 Nd7 13. Ng3 Bg5 14. Nxd7 Bxd7
15. Bxg5 Qxg5 16. h4 Bb5 17. Qe3 Qxe3+ 18. fxe3 h6 19. Kd2 Bc6 20. Rh2 f5 21.
Rf1 Be8 22. h5 b5 23. Ne2 a5 24. Nf4 Ra6 25. g3 b4 26. Rc1 Bf7 27. Nd3 b3 28. a3
a4 29. Nc5 Ra7 30. Rg1 Rc8 31. Rhg2 e5 32. g4 fxg4 33. Rxg4 Bxh5 34. R4g3 e4 35.
Ne6 Rf7 36. Nf4 Bf3 37. Nxd5 Rd8 38. Nb4 Bh5 39. Nc6 Rf2+ 40. Ke1 Re2+ 41. Kd1
Rxb2+ 42. Kc1 Rd7 43. Kxb2 Be2 44. Rg6 Bh5 45. Rxh6 Be2 46. Ne5 Re7 47. Rh2 Bf3
48. c4 Re6 49. c5 Rf6 50. c6 Rf5 51. Nc4 Rf8 52. d5 Rc8 53. Nb6 Rc7 54. Nxa4 Kf7
55. Rh7 Kf6 56. Nc3 Kf5 57. Rhxg7 Rxg7 58. Rxg7 Kf6 59. Ra7 Bg4 60. Kxb3 Bf5 61.
Ra6 Kg5 62. c7 Kg4 63. Rc6 Kf3 64. c8=Q Bxc8 65. Rxc8 Kxe3 66. d6 Kd3 67. d7 Kd2
68. d8=Q+ Ke1 69. Qd1+ {Black resigns} 1-0

[Event "Team 45 45 League T48"]
[Site "Internet Chess Club"]
[Date "2011.03.13"]
[Round "5"]
[White "Conjurer"]
[Black "anatolybcn"]
[Result "1-0"]
[WhiteElo "1219"]
[BlackElo "1259"]
[Opening "English: Sicilian reversed"]
[ECO "A25"]
[Time "13:08:10"]
[TimeControl "2700+45"]

1. c4 e5 2. Nc3 Nc6 3. g3 d6 4. Bg2 Nf6 5. Nf3 Bg4 6. h3 Be6 7. b3 Be7 8. O-O
Qd7 9. Ng5 h6 10. Nxe6 Qxe6 11. Qc2 Rb8 12. Bb2 O-O 13. Rad1 Nb4 14. Qb1 c6 15.
a3 Na6 16. f4 Nc7 17. fxe5 dxe5 18. Ne4 Nxe4 19. Qxe4 f6 20. e3 Ne8 21. Qg6 Bd6
22. Kh2 Qf7 23. Be4 Qxg6 24. Bxg6 Nc7 25. Rf3 Na6 26. b4 c5 27. bxc5 Nxc5 28. d4
Na4 29. dxe5 Bxe5 30. Bxe5 fxe5 31. Rdf1 Rxf3 32. Rxf3 Rf8 33. Kg2 Rxf3 34. Kxf3
b6 35. Ke4 Nb2 36. Kd5 Kf8 37. e4 Nd3 38. h4 Ke7 39. Bh5 Kf6 40. Be2 Nc1 41. Bf1
Nb3 42. a4 Na5 43. g4 Nb7 44. Be2 Nc5 45. a5 Ne6 46. a6 Nf4+ 47. Kc6 Nxe2 48.
Kb7 Nd4 49. Kxa7 Nc6+ 50. Kxb6 {Black resigns} 1-0

[Event "Team 45 45 League T48"]
[Site "Internet Chess Club"]
[Date "2011.03.13"]
[Round "5"]
[White "Mclintock45"]
[Black "WilmaP"]
[Result "0-1"]
[WhiteElo "953"]
[BlackElo "1145"]
[Opening "French: advance, Nimzovich system"]
[ECO "C02"]
[Time "12:00:52"]
[TimeControl "2700+45"]

1. e4 e6 2. d4 d5 3. e5 c5 4. Nf3 Nc6 5. Bb5 Bd7 6. Bxc6 Bxc6 7. dxc5 Bxc5 8.
O-O Qb6 9. a3 Ne7 10. b4 Bxf2+ 11. Rxf2 Ng6 12. h3 Qc7 13. Qd4 h5 14. Nh4 Nxe5
15. Bf4 f6 16. Ng6 O-O-O 17. Nxh8 Rxh8 18. Nd2 b6 19. Nf3 Nxf3+ 20. Rxf3 Qe7 21.
Rc3 Kd7 22. a4 e5 23. Qe3 d4 24. Qd3 exf4 25. Qxd4+ Qd6 26. Rd1 Qxd4+ 27. Rxd4+
Kc7 28. Rcd3 Bxa4 29. Rd7+ Bxd7 30. Kf2 Bb5 31. Rc3+ Kb7 32. h4 Rc8 33. Rb3
Rxc2+ 34. Kg1 Bc6 35. Kf1 Bxg2+ 36. Ke1 Bd5 37. Rd3 Rc1+ 38. Kd2 Be4 39. Rd4
Rc2+ 40. Kd1 f3 41. Rxe4 Ra2 42. Re7+ Ka6 43. Re1 Ra1+ 44. Kd2 Ra2+ 45. Ke3 f2
46. Rf1 Ra3+ 47. Kxf2 Kb5 48. Kg2 Kxb4 49. Rf4+ Kc5 50. Rf5+ Kd4 51. Rxh5 Ra2+
52. Kg3 a5 53. Rh7 Ra3+ 54. Kf4 g5+ 55. hxg5 fxg5+ 56. Kxg5 Rb3 57. Rd7+ Kc4 58.
Rc7+ Kb5 59. Rd7 a4 60. Rd4 a3 61. Rd1 a2 62. Ra1 Rb2 63. Kf4 Kb4 64. Ke3 Kb3
65. Kd3 Rb1 66. Rxa2 Kxa2 67. Kc4 b5+ 68. Kc3 b4+ 69. Kc2 b3+ 70. Kd3 Rd1+ 71.
Ke4 b2 72. Ke3 b1=Q 73. Kf4 Qc1+ 74. Kf3 Qc2 75. Ke3 Re1+ 76. Kd4 Qd2+ 77. Kc5
Rc1+ 78. Kb6 Kb1 79. Kb5 Rc2 80. Ka4 Ra2+ 81. Kb3 Qb2+ 82. Kc4 Ra4+ 83. Kc5 Qb4+
84. Kc6 Ra6+ 85. Kd5 Ra5+ 86. Ke6 Qb6+ 87. Kf7 Ra7+ 88. Ke8 Qb8# {White
checkmated} 0-1

[Event "Team 45 45 League T48"]
[Site "Internet Chess Club"]
[Date "2011.03.11"]
[Round "5"]
[White "malihini"]
[Black "Traho"]
[Result "1-0"]
[WhiteElo "1200"]
[BlackElo "1139"]
[Opening "Giuoco Piano"]
[ECO "C54"]
[Time "11:27:54"]
[TimeControl "2700+45"]

1. e4 e5 2. Nf3 Nc6 3. Bc4 Bc5 4. c3 Nf6 5. d4 exd4 6. cxd4 Bb4+ 7. Bd2 Bxd2+ 8.
Nbxd2 O-O 9. e5 d5 10. exf6 dxc4 11. Nxc4 Qe8+ 12. Ne3 g6 13. O-O Bg4 14. Nxg4
Rd8 15. Qd2 Qe4 16. Qh6 {Black resigns} 1-0

[Event "Team 45 45 League T48"]
[Site "Internet Chess Club"]
[Date "2011.03.13"]
[Round "5"]
[White "BosqueVerde"]
[Black "dpmdpm"]
[Result "1-0"]
[WhiteElo "1282"]
[BlackElo "1493"]
[Opening "QGD Slav defense"]
[ECO "D10"]
[Time "13:02:54"]
[TimeControl "2700+45"]

1. d4 d5 2. c4 c6 3. Nc3 Nf6 4. Bg5 e6 5. Qc2 Be7 6. Nf3 O-O 7. e3 Nbd7 8. cxd5
exd5 9. Bd3 h6 10. Bf4 Nb6 11. h3 Be6 12. O-O Bd6 13. Ne2 Bxf4 14. Nxf4 Qc7 15.
Rac1 Rfe8 16. Rfe1 Bd7 17. Ne5 Rad8 18. Nxf7 Kxf7 19. Bg6+ Kg8 20. Bxe8 Rxe8 21.
b3 Be6 22. Qg6 Qf7 23. Qg3 Ne4 24. Qg6 Qxg6 25. Nxg6 Nd7 26. Kh2 Bf7 27. Nh4
Nxf2 28. Rf1 Ne4 29. Rf4 Ndf6 30. Rcf1 Rf8 31. Nf5 Nh5 32. Ne7+ Kh7 33. Rxf7
Rxf7 34. Rxf7 Nef6 {Black resigns} 1-0

[Event "Team 45 45 League T48"]
[Site "Internet Chess Club"]
[Date "2011.03.12"]
[Round "5"]
[White "otib2006"]
[Black "jocooper"]
[Result "0-1"]
[WhiteElo "1241"]
[BlackElo "1130"]
[Opening "Pirc: Holmov system"]
[ECO "B07"]
[Time "10:24:57"]
[TimeControl "2700+45"]

1. e4 d6 2. Bc4 Nf6 3. Nc3 g6 4. d4 Bg7 5. Nf3 O-O 6. O-O Nbd7 7. Bf4 c6 8. Re1
b5 9. Bb3 Bb7 10. d5 b4 11. Qd4 bxc3 12. dxc6 Bxc6 13. Qxc3 Nh5 14. Bxd6 Bxc3
15. bxc3 exd6 16. e5 Re8 17. Ng5 Qxg5 18. Bxf7+ Kxf7 19. g3 dxe5 20. Re3 Nf4 21.
Rae1 Nd5 22. h4 Nxe3 23. hxg5 Nxc2 24. Rc1 Na3 25. Rd1 Rad8 26. Rd6 Re6 27. Rd3
e4 28. Re3 Nc4 29. Re1 Nc5 30. Kh2 Re5 31. Rb1 Rxg5 32. Rb4 Rh5+ 33. Kg2 e3+ 34.
Kf1 Rd1+ 35. Ke2 Rd2+ 36. Kf1 Rh1# {White checkmated} 0-1

[Event "Team 45 45 League T48"]
[Site "Internet Chess Club"]
[Date "2011.03.13"]
[Round "5"]
[White "WannaB"]
[Black "PsyMar"]
[Result "0-1"]
[WhiteElo "956"]
[BlackElo "1292"]
[Opening "Two knights defense, Perreux variation"]
[ECO "C55"]
[Time "09:59:17"]
[TimeControl "2700+45"]

1. e4 e5 2. Nf3 Nc6 3. d4 exd4 4. Bc4 Nf6 5. Ng5 d5 6. exd5 Na5 7. Bd3 Nxd5 8.
a3 Qe7+ 9. Qe2 Qxe2+ 10. Bxe2 Bd6 11. O-O Nf4 12. Bxf4 Bxf4 13. Nf3 Nc6 14. Re1
O-O 15. c3 dxc3 16. Nxc3 Bg4 17. Nd5 Bxf3 18. Nxf4 Bxe2 19. Nxe2 Rfe8 20. Kf1
Ne5 21. Nc3 Nd3 22. Rxe8+ Rxe8 23. b4 c5 24. bxc5 Nxc5 25. Nb5 Nb3 26. Ra2 a6
27. Nc7 Re7 28. Nd5 Rd7 29. Ne3 g6 30. g3 b5 31. a4 f5 32. axb5 axb5 33. Ra8+
Kf7 34. Rb8 Nd4 35. Kg2 Kf6 36. Rb6+ Ke5 37. Rb8 Rc7 38. Re8+ Ne6 39. f4+ Kd6
40. Rb8 Kc6 41. Ra8 Rb7 42. Ra6+ Kd7 43. Nd5 Kd8 44. Rxe6 b4 45. Re1 b3 46. Rb1
Rb5 47. Nc3 Rb7 48. Na4 Ra7 49. Rd1+ Kc7 50. Nb2 Kc6 51. Re1 Ra2 52. Re2 Kd5 53.
Kf3 Kd4 54. Rd2+ Kc3 55. Rd3+ Kxb2 56. Rd7 Kc1 57. Rc7+ Rc2 58. Rxh7 Rc3+ 59.
Kg2 b2 60. Re7 Rc2+ 61. Kh3 Rd2 62. Rc7+ Rc2 63. Re7 b1=Q 64. Re1+ Kb2 65. Rxb1+
Kxb1 66. g4 fxg4+ 67. Kg3 Re2 68. h4 gxh3 69. Kxh3 Kc2 70. Kg4 Re4 71. Kf3 Kd3
72. Kg4 Ke3 73. Kg5 Rxf4 74. Kxg6 Ke4 75. Kg5 Ke5 76. Kg6 Rf5 77. Kg7 Rf6 78.
Kg8 Ke6 79. Kg7 Ke7 80. Kh7 Kf7 81. Kh8 Rh6# {White checkmated} 0-1

[Event "Team 45 45 League T48"]
[Site "Internet Chess Club"]
[Date "2011.03.14"]
[Round "5"]
[White "cacheboy"]
[Black "TerryMalloy"]
[Result "1/2-1/2"]
[WhiteElo "2332"]
[BlackElo "1855"]
[Opening "Sicilian: closed"]
[ECO "B23"]
[Time "21:07:57"]
[TimeControl "2700+45"]

1. e4 c5 2. Nc3 d6 3. f4 g6 4. Nf3 Bg7 5. Bb5+ Bd7 6. Bc4 Nc6 7. O-O Na5 8. Be2
Nf6 9. d3 O-O 10. a4 a6 11. Qe1 b5 12. e5 dxe5 13. fxe5 Ng4 14. Kh1 Nc6 15. axb5
axb5 16. Rxa8 Qxa8 17. Ne4 Ngxe5 18. Nxc5 Nxf3 19. Bxf3 Qc8 20. b4 Re8 21. c3 e5
22. Bd5 Nd8 23. Qf2 Bf5 24. Qf3 Rf8 25. Bg5 Ne6 26. Bxe6 Bxe6 27. Bf6 Bf5 28.
Bxg7 Kxg7 29. Kg1 Re8 30. g4 Be6 31. h4 h6 32. Nxe6+ Qxe6 33. Qe4 Rc8 34. Rc1
Rd8 35. Re1 Re8 36. Rf1 Rc8 37. Rc1 Rd8 38. Re1 Re8 39. Rf1 {Game drawn by
repetition} 1/2-1/2

[Event "Team 45 45 League T48"]
[Site "Internet Chess Club"]
[Date "2011.03.12"]
[Round "5"]
[White "Hathor"]
[Black "Mat55"]
[Result "1/2-1/2"]
[WhiteElo "1974"]
[BlackElo "1937"]
[Opening "Queen's bishop game"]
[ECO "D02"]
[Time "15:01:33"]
[TimeControl "2700+45"]

1. Nf3 Nf6 2. d4 d5 3. Bf4 Bf5 4. e3 e6 5. Nbd2 Nbd7 6. c4 c6 7. Qb3 Qb6 8. c5
Qxb3 9. axb3 a6 10. b4 Rc8 11. Nb3 Nh5 12. Be5 f6 13. Bd6 g5 14. Be2 Ng7 15. h3
Bc2 16. Na5 Bxd6 17. cxd6 Rb8 18. Kd2 Bg6 {Game drawn by mutual agreement}
1/2-1/2

[Event "Team 45 45 League T48"]
[Site "Internet Chess Club"]
[Date "2011.03.11"]
[Round "5"]
[White "alexping"]
[Black "Guoruey"]
[Result "1/2-1/2"]
[WhiteElo "1936"]
[BlackElo "1939"]
[Opening "QGD Slav: 3.Nf3"]
[ECO "D11"]
[Time "22:20:24"]
[TimeControl "2700+45"]

1. d4 d5 2. c4 c6 3. Nf3 e6 4. Nc3 Bd6 5. Bg5 Nf6 6. e3 Nbd7 7. Bd3 O-O 8. O-O
dxc4 9. Bxc4 e5 10. Ne4 Be7 11. Nxf6+ Bxf6 12. Bxf6 Qxf6 13. dxe5 Nxe5 14. Nxe5
Qxe5 15. Qb3 Qg5 16. Kh1 b6 17. Rad1 Bg4 18. f3 Bc8 19. Rd6 b5 20. Bd3 Qc5 21.
Rd1 Be6 22. Qc3 Qxc3 23. bxc3 Bxa2 24. Be4 Bd5 25. Bxd5 cxd5 26. R6xd5 a6 27.
Kg1 Rfc8 28. e4 Kf8 29. Ra1 Rxc3 30. Rxb5 Rc1+ 31. Rxc1 axb5 32. Rb1 Rb8 33. Kf2
Ke7 34. Ke3 Ke6 35. Rb4 g5 36. g3 f6 37. h4 h6 38. hxg5 hxg5 39. f4 g4 40. Kd4
Kd6 41. e5+ fxe5+ 42. fxe5+ Ke6 43. Ke4 Rb7 44. Kf4 Rb8 45. Ke4 {Game drawn by
mutual agreement} 1/2-1/2

[Event "Team 45 45 League T48"]
[Site "Internet Chess Club"]
[Date "2011.03.11"]
[Round "5"]
[White "badmove"]
[Black "MontanaSky"]
[Result "1/2-1/2"]
[WhiteElo "1742"]
[BlackElo "1811"]
[Opening "King's Indian: 5.Nf3"]
[ECO "E90"]
[Time "15:06:13"]
[TimeControl "2700+45"]

1. d4 Nf6 2. c4 g6 3. Nc3 Bg7 4. e4 d6 5. Nf3 O-O 6. h3 e5 7. d5 Na6 8. Bg5 Qe8
9. g4 Nc5 10. Nd2 a5 11. Qf3 Qe7 12. Qe3 Re8 13. Be2 Bd7 14. Rg1 Qf8 15. Qf3 Qe7
16. Qe3 Rab8 17. h4 Kh8 18. h5 Qd8 19. Qf3 h6 20. Bxf6 Qxf6 21. Qxf6 Bxf6 22.
hxg6 fxg6 23. b3 Bg5 24. Nf3 Bf4 25. Nh4 Kg7 26. Ng2 Rf8 27. Nxf4 Rxf4 28. f3
Rbf8 29. Rg3 Na6 30. Kd2 c6 31. Rf1 Nc5 32. Rb1 Be8 33. b4 axb4 34. Rxb4 R8f7
35. Ke3 g5 36. Rg1 Kg6 37. Rbb1 Rh7 38. Rbd1 Rf6 39. Rb1 Rff7 40. Rgd1 Rd7 41.
dxc6 bxc6 42. Rb6 Rb7 43. Rxd6+ Kf7 44. Rxb7+ Nxb7 45. Rd2 Ke6 46. a4 Na5 47.
Rb2 h5 48. gxh5 Rxh5 49. Rb6 Rh3 50. Kd2 Rh2 51. Ke1 Rh1+ 52. Kf2 Rh2+ 53. Kg1
Rh4 54. Kg2 Kd6 55. Ra6 Nb3 56. Ra8 Bd7 57. a5 Rh7 58. a6 Bh3+ 59. Kg3 Nd4 60.
a7 Nxe2+ 61. Nxe2 Kc5 62. Rg8 Rxa7 63. Kxh3 Kxc4 64. Rxg5 Kd3 65. Ng3 Rh7+ 66.
Kg4 Kd4 67. Nf5+ Kd3 68. Rg6 c5 69. Nd6 c4 70. Nxc4 Kxc4 71. Kf5 Rh3 72. Kxe5
Rxf3 73. Rc6+ Kb5 74. Rf6 Re3 75. Rf4 Kc6 76. Ke6 Kc7 77. e5 Re1 78. Rd4 Rh1 79.
Rd7+ Kc6 80. Rf7 Re1 81. Rg7 Re2 82. Rg5 Rf2 83. Ke7 Re2 84. e6 Re3 85. Rg6 Re4
86. Kf7 Kc7 87. e7 Kd7 {Game drawn by mutual agreement} 1/2-1/2

[Event "Team 45 45 League T48"]
[Site "Internet Chess Club"]
[Date "2011.03.12"]
[Round "5"]
[White "Chatica"]
[Black "SlimeDog2"]
[Result "1-0"]
[WhiteElo "2107"]
[BlackElo "2042"]
[Opening "Center game: Berger variation"]
[ECO "C22"]
[Time "22:10:56"]
[TimeControl "2700+45"]

1. e4 e5 2. d4 exd4 3. Qxd4 Nc6 4. Qe3 Nf6 5. Nc3 Bb4 6. Bd2 O-O 7. O-O-O Re8 8.
Qg3 Nxe4 9. Nxe4 Rxe4 10. c3 Bd6 11. f4 Qf6 12. Nh3 Ra4 13. Bd3 b6 14. Rde1 Ba6
15. Bb1 Ne7 16. Qf3 Rb8 17. g4 Bb7 18. Qd3 g6 19. Rhg1 Nd5 20. f5 Nf4 21. Nxf4
Bxf4 22. Bxf4 Rxf4 23. g5 Qc6 24. f6 d5 25. Qh3 Qd6 26. Re7 Rf2 27. Rge1 Qf4+
28. Qe3 h6 29. Qxf4 Rxf4 30. Rxc7 hxg5 31. Ree7 Rf1+ 32. Kc2 Ba6 33. Rxf7 Rf2+
34. Kb3 Rxh2 35. Rg7+ Kh8 36. Rxg6 Bc4+ 37. Ka3 Rh5 38. Rgg7 Rf8 39. Bg6 Rh4 40.
Rh7+ Rxh7 41. Rxh7+ Kg8 42. f7+ {Black resigns} 1-0

[Event "Team 45 45 League T48"]
[Site "Internet Chess Club"]
[Date "2011.03.13"]
[Round "5"]
[White "chsrules88"]
[Black "Gregorio"]
[Result "1/2-1/2"]
[WhiteElo "2059"]
[BlackElo "2020"]
[Opening "Vienna game"]
[ECO "C25"]
[Time "12:32:22"]
[TimeControl "2700+45"]

1. e4 e5 2. Nc3 Bc5 3. Bc4 d6 4. d3 Nf6 5. Bg5 c6 6. Nf3 O-O 7. h3 Nbd7 8. O-O
Re8 9. Bb3 Nf8 10. Re1 h6 11. Bh4 Ng6 12. Bg3 Be6 13. d4 exd4 14. Nxd4 Bxb3 15.
axb3 Qd7 16. Qd3 Nh5 17. Rad1 Bxd4 18. Qxd4 Nxg3 19. fxg3 Re6 20. Ne2 b6 21. Nf4
Nxf4 22. gxf4 Rd8 23. Rd3 f5 24. Rde3 fxe4 25. Rxe4 Rde8 26. f5 Rxe4 27. Rxe4
Rxe4 28. Qxe4 d5 29. Qe5 Kf7 30. Qg3 Qxf5 31. Qc7+ Kf6 32. Qxc6+ Qe6 33. Qxe6+
Kxe6 34. Kf2 Ke5 35. Ke3 b5 36. b4 d4+ 37. Kd3 Kd5 38. g3 h5 39. h4 g6 40. c3
dxc3 41. bxc3 a6 42. Ke3 Ke5 43. Kf3 {Game drawn by mutual agreement} 1/2-1/2